Description

fast push with centurion/stalker/adet/zealot (no upgrade) at 5:30.

VOD

https://youtu.be/P0dDm1Bf6Xg

Build Order

Get SALT Encoding   

  14  0:20  Pylon  
  16  0:40  Gateway  
  17  0:48  Assimilator  
  19  1:28  Cybernetics Core  
  19  1:31  Nexus  
  21  1:35  Zealot (Chrono Boost)  
  21  1:45  Gateway Second  
  23  1:53  Zealot Second, after adept  
  23  2:00  Pylon  
  24  2:21  Adept 100% second Zealot  
  25  2:27  Assimilator Second of main  
  28  2:34  Adept second  
  31  2:57  Shield Battery  
  36  3:11  Centurion  
  36  3:20  Shield Battery  
  42  3:35  Centurion  
  42  3:37  Pylon  
  44  3:49  Robotics Facility  
  44  3:54  Pylon  
  46  4:00  Pylon  
  48  4:15  Gateway 3x, after scout fake fenix  
  54  4:33  Assimilator 1x, second base  
  56  4:34  Warp Prism  
  65  5:11  Gateway 2x  
Spawning Tool Build Advisor. Get it on Overwolf

Go to:

Details

  • Created by: ztmlsilon
  • Published on: Jan 02, 2020
  • Modified on: Jan 02, 2020
  • Patch: 4.7.1
Show
View Real Time Build Order
Export as new Build Order

Comments (0)

There are no comments. Be the first!

Create an account to comment!